Map: [ESL] Post-Youth

Players

Bly

  • Race: Zerg Zerg
  • Spawn Location: 7:00

Clem - Winner!

  • Race: Terran Terran
  • Spawn Location: 1:00

Event: ESL SC2 Masters 2024 Spring (Regional)

VOD

Have the link to the VOD?

Description

Time

  • Played on: April 25, 2024, 12:42 p.m.
  • Length: 27:26

All games in this series

Show
View Real Time Build Order
Export as new Build Order

Bly Zerg 

Build Orders: Hatch First, Ravager All-In 

Get SALT Encoding   

  12  0:00  Drone  
  13  0:12  Overlord  
  13  0:17  Drone  
  14  0:30  Drone x2  
  16  0:50  Hatchery  
  16  0:55  Drone  
  16  0:57  Drone  
  16  1:03  Drone  
  18  1:12  Extractor  
  18  1:17  Spawning Pool  
  16  1:20  Drone  
  16  1:23  Drone  
  18  1:27  Drone  
  19  1:45  Drone  
  20  1:56  Drone  
  20  1:57  Extractor  
  20  2:05  Queen  
  20  2:06  Queen  
  24  2:09  Roach Warren  
  24  2:11  Drone  
  24  2:14  Drone  
  25  2:17  Extractor  
  25  2:20  Drone  
  26  2:22  Drone  
  26  2:31  Overlord  
  26  2:36  Extractor  
  26  2:43  Queen  
  28  2:52  Roach x2  
  32  2:59  Spore Crawler  
  32  3:01  Roach  
  33  3:10  Roach  
  35  3:13  Overlord  
  36  3:27  Overlord  
  36  3:36  Drone x5  
  36  3:40  Drone x2  
  43  3:42  Ravager  
  44  4:04  Ravager x3  
  44  4:07  Roach x2  
  44  4:08  Overlord  
  51  4:23  Overlord  
  51  4:30  Hatchery  
  50  4:32  Ravager x2  
  52  4:43  Drone x7  
  59  4:58  Drone x3  
  62  5:04  Evolution Chamber  
  62  5:05  Evolution Chamber  
  60  5:08  Overlord  
  60  5:11  Lair  
  60  5:25  Roach x2  
  60  5:26  Roach x2  
  68  5:34  Zerg Missile Weapons Level 1  
  68  5:35  Zerg Ground Armor Level 1  
  68  5:36  Overlord  
  68  5:55  Drone x9  
  77  6:08  Overlord, Glial Reconstitution  
  77  6:18  Spore Crawler  
  77  6:19  Extractor, Drone x4  
  77  6:20  Extractor, Drone  
  79  6:37  Hatchery  
  79  6:39  Roach  
  86  6:40  Roach x3, Overlord x2  
  86  6:43  Queen  
  88  6:58  Roach x3, Overlord  
  94  7:06  Ravager  
  94  7:08  Burrow  
  95  7:14  Overseer  
  95  7:16  Roach x2  
  95  7:17  Roach x3  
  105  7:26  Tunneling Claws  
  105  7:31  Overlord  
  105  7:33  Roach x2  
  105  7:41  Roach x2  
  105  7:42  Overlord x2  
  109  7:47  Ravager  
  109  7:48  Ravager x4  
  109  7:50  Overlord x2  
  116  7:51  Roach x2  
  116  7:53  Roach x5  
  120  8:11  Roach  
  120  8:12  Roach x3  
  126  8:26  Roach x8  
  126  8:27  Roach x2  
  143  8:39  Roach x3  
  143  8:50  Queen  
  143  8:51  Roach x4  
  143  8:54  Roach x20  
  149  8:59  Roach  
  151  9:05  Roach  
  151  9:06  Roach  
  155  9:14  Hatchery  
  123  9:19  Roach x13  
  123  9:20  Roach x7  
  123  9:23  Roach x3  
  110  9:31  Roach  
  110  9:32  Roach  
  114  9:41  Roach x7  
  126  9:48  Roach x8  
  111  9:53  Roach x4  
  105  10:01  Roach x2  
  109  10:09  Ravager  
  109  10:14  Roach x4  
  118  10:28  Drone x4  
  122  10:33  Roach x2, Queen  
  106  10:52  Drone x10  
  106  10:53  Drone  
  106  10:54  Roach x23, Queen  
  115  10:57  Extractor x2  
  115  10:58  Zerg Missile Weapons Level 2  
  115  10:59  Zerg Ground Armor Level 2  
  115  11:02  Infestation Pit  
  112  11:09  Queen  
  114  11:14  Ravager x3  
  114  11:15  Roach x2  
  114  11:17  Drone x13  
  130  11:26  Roach  
  130  11:27  Roach x3  
  130  11:29  Hatchery  
  134  11:43  Infestor  
  134  11:44  Infestor  
  138  11:49  Drone x5  
  138  11:50  Extractor  
  142  11:56  Infestor x2  
  142  11:57  Overlord  
  142  12:00  Spore Crawler  
  145  12:01  Roach x3  
  145  12:07  Metabolic Boost  
  151  12:12  Drone x9  
  151  12:14  Overlord x6  
  160  12:17  Roach x3  
  160  12:22  Ravager x3  
  163  12:34  Roach  
  161  12:39  Roach x12  
  185  12:48  Roach x7  
  193  12:59  Hive  
  193  13:09  Spire  
  193  13:10  Roach x3  
  193  13:11  Drone x7  
  193  13:12  Extractor x2  
  195  13:32  Roach  
  179  13:39  Roach x14  
  179  13:40  Roach x4  
  178  13:54  Infestor x2  
  180  13:59  Roach x3  
  180  14:03  Roach  
  180  14:07  Zergling x2  
  180  14:08  Zergling x18, Hatchery  
  180  14:09  Zerg Melee Weapons Level 1  
  183  14:24  Hatchery  
  183  14:27  Roach, Greater Spire  
  183  14:29  Zergling x22  
  183  14:30  Zerg Ground Armor Level 3  
  193  14:31  Roach  
  193  14:32  Baneling Nest  
  193  14:33  Roach, Spore Crawler x2  
  186  14:58  Corruptor x8  
  200  15:02  Spine Crawler  
  200  15:04  Spine Crawler  
  187  15:22  Roach x4  
  187  15:33  Roach x3  
  187  15:34  Extractor  
  185  15:38  Extractor  
  165  15:57  Corruptor  
  165  15:58  Corruptor x3  
  165  16:00  Drone x2  
  165  16:03  Spine Crawler  
  165  16:04  Spine Crawler, Spore Crawler, Brood Lord x8  
  175  16:07  Zerg Melee Weapons Level 2  
  175  16:09  Overseer  
  188  16:23  Drone x3  
  191  16:26  Centrifugal Hooks  
  191  16:27  Ultralisk Cavern, Zerg Flyer Weapons Level 1  
  188  16:39  Brood Lord x2  
  190  16:41  Extractor  
  190  16:42  Extractor  
  188  16:47  Brood Lord  
  188  16:50  Brood Lord  
  188  16:52  Roach x2, Zergling x14  
  199  16:59  Spore Crawler x3  
  199  17:00  Spore Crawler  
  195  17:06  Spore Crawler  
  185  17:18  Roach x7  
  185  17:19  Zergling x20  
  185  17:20  Zergling x8  
  185  17:21  Baneling x13  
  167  17:46  Infestor  
  167  17:47  Infestor  
  169  18:03  Chitinous Plating  
  167  18:08  Zergling x64  
  189  18:44  Zerg Missile Weapons Level 3, Zerg Melee Weapons Level 3  
  171  19:20  Viper  
  171  19:21  Corruptor x12  
  163  19:40  Zergling x48  
  174  19:50  Ultralisk x3  
  174  19:51  Ultralisk  
  179  19:58  Ultralisk x4  
  179  19:59  Zergling x4  
  197  20:01  Overseer x3  
  185  20:11  Zergling x16  
  185  20:12  Baneling x11  
  193  20:16  Overlord  
  189  20:38  Zergling x20  
  117  21:15  Ultralisk x6  
  125  21:19  Zergling x30  
  125  21:20  Pneumatized Carapace  
  140  21:27  Zergling x10  
  140  21:29  Overseer x2  
  145  21:43  Baneling x6  
  145  21:44  Baneling x13  
  139  22:12  Overseer, Overlord x3  
  139  22:19  Hatchery  
  138  22:26  Zergling x4, Ultralisk x3  
  158  22:35  Hatchery  
  157  22:37  Infestor x2  
  161  22:45  Hatchery  
  156  23:14  Zergling x36  
  174  23:29  Queen  
  174  23:30  Queen  
  178  23:35  Drone  
  179  23:41  Adrenal Glands  
  179  23:53  Hatchery  
  167  24:05  Infestor x2  
  167  24:07  Zergling x2  
  167  24:08  Zergling x36  
  174  24:26  Zergling x20  
  184  24:39  Ultralisk x2  
  127  25:00  Ultralisk x2  
  127  25:01  Zergling x4, Ultralisk x3  
  153  25:12  Baneling x3, Infestor  
  153  25:13  Infestor x2  
  152  25:18  Drone  
  152  25:19  Drone  
  152  25:20  Drone x2  
  146  25:22  Baneling x4  
  144  25:30  Zergling x12  
  144  25:31  Zergling x2  
  144  25:33  Overseer  
  150  25:49  Extractor  
  145  25:50  Extractor  
  145  25:56  Drone  
  143  26:10  Zergling x6, Infestor x2  
  143  26:11  Zergling x30  
  163  26:13  Viper  
  166  26:22  Hatchery  
  165  26:28  Spore Crawler, Drone  
  162  26:35  Infestor x2  
  159  26:42  Drone x2  
  159  26:43  Drone  
  161  26:53  Zergling x12  
  143  27:08  Zergling x18  
Show
View Real Time Build Order
Export as new Build Order

Clem Terran - Winner!

Build Orders: Cyclone Opening, Reaper Expand 

Get SALT Encoding   

  12  0:00  SCV  
  13  0:12  SCV  
  14  0:17  Supply Depot  
  14  0:24  SCV  
  15  0:38  SCV  
  15  0:40  Barracks  
  16  0:44  Refinery  
  16  0:50  SCV  
  17  1:03  SCV  
  18  1:15  SCV  
  19  1:27  Orbital Command, Reaper  
  20  1:41  Command Center  
  20  1:49  Supply Depot  
  20  1:55  SCV  
  20  1:59  Marine  
  22  2:09  Factory  
  22  2:17  Bunker, Marine  
  22  2:21  SCV  
  24  2:28  Bunker  
  24  2:34  SCV  
  24  2:35  Marine  
  26  2:46  Barracks  
  26  2:53  Marine  
  26  2:55  Cyclone  
  28  3:04  Orbital Command  
  28  3:07  SCV  
  29  3:13  Supply Depot  
  29  3:18  Marine  
  30  3:21  SCV  
  31  3:27  Factory Tech Lab  
  31  3:33  Supply Depot, Marine  
  32  3:36  Marine  
  32  3:37  SCV x2  
  35  3:47  Siege Tank  
  38  3:51  Marine  
  38  3:54  Supply Depot, Marine  
  40  3:57  SCV  
  40  4:00  SCV  
  42  4:08  Marine  
  42  4:09  SCV  
  44  4:12  Marine  
  44  4:13  SCV  
  46  4:20  Siege Tank  
  46  4:22  SCV  
  50  4:26  Marine  
  50  4:29  SCV, Marine  
  53  4:35  SCV  
  53  4:42  SCV  
  53  4:44  Marine  
  55  4:47  Marine  
  55  4:52  Supply Depot  
  56  4:55  Siege Tank  
  56  4:57  SCV x2  
  56  4:59  Supply Depot  
  61  5:01  Supply Depot  
  61  5:02  Marine  
  62  5:11  Refinery  
  62  5:13  SCV x2  
  64  5:16  Supply Depot, Marine  
  65  5:26  SCV x2  
  65  5:27  Barracks Reactor  
  67  5:32  Barracks  
  67  5:37  Supply Depot  
  67  5:38  SCV x2  
  67  5:39  Marine  
  70  5:50  SCV, Siege Tank  
  70  5:53  SCV  
  75  5:57  Supply Depot, Marine  
  75  6:02  SCV, Supply Depot  
  75  6:03  Marine x2  
  79  6:05  SCV  
  79  6:10  Supply Depot  
  80  6:14  SCV  
  80  6:17  SCV  
  82  6:21  Barracks Tech Lab  
  82  6:25  Refinery  
  82  6:32  Command Center  
  82  6:35  Refinery  
  82  6:37  Marine  
  82  6:38  Marine  
  84  6:41  Siege Tank, Marine  
  84  6:45  SCV, Barracks Tech Lab  
  89  6:51  Supply Depot  
  89  6:53  SCV  
  90  6:54  Stimpack  
  90  6:55  Marine  
  90  7:03  Engineering Bay  
  90  7:06  Combat Shield  
  90  7:11  Marine  
  90  7:12  Marine  
  90  7:13  Supply Depot, Marine  
  90  7:14  SCV  
  97  7:15  Siege Tank  
  97  7:17  Marine  
  98  7:25  Barracks  
  98  7:28  SCV x2, Barracks  
  98  7:29  Marine x2  
  101  7:31  Marine  
  101  7:35  Marine  
  102  7:40  SCV x2  
  104  7:44  Orbital Command  
  104  7:49  Marine  
  104  7:50  Siege Tank, Marine  
  109  7:52  SCV  
  109  7:53  Marine  
  109  7:54  Marine  
  110  8:00  Starport  
  110  8:01  Terran Infantry Weapons Level 1  
  110  8:04  Engineering Bay  
  110  8:07  Marine  
  110  8:08  Marine  
  111  8:13  Marine x2  
  111  8:18  Marine  
  111  8:19  Marine  
  115  8:23  Siege Tank  
  115  8:25  Marine  
  115  8:26  SCV, Marine  
  121  8:30  Marine  
  121  8:31  Marine  
  119  8:35  Terran Infantry Armor Level 1, Marine  
  119  8:38  Starport Reactor, Marine  
  121  8:41  SCV x2  
  121  8:42  Marine  
  121  8:44  Marine  
  124  8:48  Marine x2  
  126  8:56  SCV x2, Missile Turret, Marine  
  126  9:00  Siege Tank, Marine  
  133  9:05  Marine  
  133  9:08  SCV  
  134  9:10  SCV, Barracks Tech Lab x2  
  134  9:15  Marine x2  
  134  9:16  Medivac  
  119  9:18  Marine  
  119  9:20  SCV  
  119  9:23  Marine  
  101  9:25  Medivac  
  102  9:31  Bunker, Marine x2  
  102  9:33  Marine x2  
  102  9:36  Marine  
  107  9:42  Siege Tank  
  107  9:43  Marine  
  97  9:48  Medivac  
  97  9:49  Marine x2  
  97  9:50  Marine x2  
  84  9:54  Marine  
  82  10:00  Liberator  
  82  10:01  Marine  
  86  10:07  Marine x2  
  86  10:08  Orbital Command, Marine x2  
  86  10:11  Marine  
  86  10:12  Missile Turret  
  91  10:18  Siege Tank  
  94  10:21  Marine  
  94  10:25  SCV, Marine  
  94  10:28  SCV  
  96  10:31  Marine  
  97  10:37  SCV, Marine  
  97  10:41  Marine x2  
  101  10:48  Marine  
  101  10:49  Marine x2  
  98  10:54  Marine  
  98  10:55  Siege Tank  
  101  10:59  Marine  
  101  11:00  Medivac  
  101  11:02  Medivac, Marine  
  106  11:06  Concussive Shells  
  106  11:08  Armory  
  106  11:11  Marauder  
  108  11:13  Marine, Marauder  
  108  11:14  Marine  
  108  11:17  Marine  
  113  11:21  Marauder  
  115  11:27  Command Center  
  115  11:30  Siege Tank  
  118  11:35  Marine x2  
  118  11:37  Marine  
  118  11:38  Refinery  
  118  11:39  Factory  
  121  11:40  Liberator  
  121  11:43  Liberator  
  121  11:46  Marauder  
  129  11:47  Marauder  
  129  11:49  Marauder  
  129  11:53  Supply Depot  
  133  11:55  Marine x2  
  133  11:57  Marauder  
  133  12:00  SCV  
  133  12:01  SCV x2  
  140  12:04  Terran Infantry Weapons Level 2  
  140  12:07  Terran Infantry Armor Level 2  
  140  12:12  Siege Tank  
  145  12:15  Marauder  
  145  12:18  Marauder  
  145  12:19  Marine  
  150  12:22  Marauder  
  150  12:23  Factory Tech Lab  
  150  12:28  Supply Depot  
  150  12:31  Terran Vehicle Weapons Level 1  
  150  12:32  Marine x2  
  151  12:42  Siege Tank  
  152  12:44  Siege Tank  
  152  12:46  SCV  
  152  12:48  SCV x2  
  158  12:54  Marine  
  158  12:58  SCV  
  156  13:00  SCV x2  
  156  13:02  Liberator x2  
  154  13:06  Marine  
  154  13:07  Marine  
  154  13:11  Marine  
  154  13:12  Marauder  
  159  13:19  SCV, Ghost Academy  
  160  13:20  SCV  
  158  13:30  SCV  
  157  13:36  Missile Turret  
  157  13:38  Marine x2  
  157  13:39  Marine  
  157  13:40  Marine  
  137  13:44  Marauder  
  137  13:45  Medivac x2  
  137  13:46  SCV  
  137  13:48  SCV  
  144  13:49  SCV  
  144  13:54  Missile Turret  
  142  13:59  SCV  
  142  14:00  Siege Tank  
  146  14:06  Ghost  
  146  14:09  Ghost  
  150  14:13  SCV x2  
  152  14:18  Planetary Fortress  
  152  14:22  SCV  
  148  14:25  SCV  
  148  14:27  Ghost  
  151  14:35  Terran Infantry Weapons Level 3  
  151  14:39  Terran Infantry Armor Level 3  
  151  14:43  Siege Tank  
  154  14:48  Terran Vehicle Weapons Level 2  
  154  14:51  Missile Turret  
  154  14:52  SCV  
  150  14:54  SCV  
  150  14:56  SCV  
  150  14:58  SCV  
  151  15:04  SCV  
  149  15:08  SCV, Siege Tank  
  149  15:10  SCV  
  149  15:12  SCV  
  154  15:18  Viking  
  156  15:22  Viking  
  156  15:24  SCV  
  159  15:29  Refinery x2  
  159  15:30  SCV x2  
  159  15:32  SCV  
  162  15:38  Ghost  
  159  15:43  SCV  
  159  15:44  Missile Turret  
  159  15:45  SCV  
  159  15:47  SCV  
  154  15:50  Viking  
  154  15:52  SCV, Viking  
  154  15:56  Ghost  
  161  16:00  SCV x2  
  161  16:03  Refinery  
  163  16:06  Sensor Tower  
  163  16:07  Marine x2  
  163  16:09  SCV  
  166  16:12  Supply Depot  
  166  16:13  SCV  
  166  16:15  SCV  
  168  16:19  Missile Turret  
  168  16:20  SCV  
  168  16:21  SCV  
  170  16:27  Ghost  
  170  16:30  Ghost  
  174  16:38  Ghost x2  
  178  16:44  Viking  
  178  16:46  Viking  
  182  16:56  Command Center  
  182  16:58  Ghost  
  184  17:05  Thor  
  190  17:11  Thor  
  194  17:31  Command Center, Viking  
  196  17:39  Marine, Viking  
  196  17:44  Missile Turret  
  195  17:58  Ghost  
  196  18:07  Ghost x2  
  196  18:09  Terran Vehicle And Ship Armor Level 1  
  200  18:24  Missile Turret  
  200  18:25  Refinery, Ghost  
  199  18:28  Missile Turret  
  199  18:34  Starport  
  199  18:35  Fusion Core  
  195  18:41  Siege Tank  
  195  18:48  SCV x2  
  200  18:50  Orbital Command  
  200  18:56  Ghost  
  200  18:57  Command Center  
  200  18:58  Command Center  
  200  19:00  Personal Cloaking  
  198  19:24  Planetary Fortress, Sensor Tower  
  198  19:25  Missile Turret  
  198  19:28  Siege Tank  
  195  19:47  Liberator  
  195  19:48  Siege Tank, Liberator  
  195  19:50  Ghost  
  195  19:52  Ghost  
  197  19:58  Marine  
  200  20:01  Neosteel Armor, Hi-Sec Auto Tracking  
  200  20:11  Orbital Command  
  200  20:16  Command Center  
  194  20:23  Sensor Tower  
  194  20:24  Starport Reactor, Missile Turret  
  194  20:26  Siege Tank  
  187  20:29  Advanced Ballistics  
  187  20:31  Missile Turret  
  187  20:38  SCV  
  187  20:39  SCV  
  189  20:45  Ghost x3  
  195  20:50  Planetary Fortress  
  195  20:58  SCV, Fusion Core  
  192  21:07  Orbital Command  
  192  21:08  Ghost  
  182  21:14  Medivac, Ghost  
  182  21:15  Siege Tank  
  182  21:16  SCV  
  179  21:22  Marine x2  
  179  21:23  Marauder x2  
  179  21:25  SCV  
  186  21:29  Refinery  
  186  21:30  Refinery  
  186  21:35  Orbital Command  
  186  21:37  Marine  
  186  21:38  SCV x2  
  189  21:40  Marine  
  189  21:46  Liberator  
  192  21:50  Ghost  
  192  21:53  Medivac  
  196  22:08  Terran Vehicle Weapons Level 3  
  196  22:09  Command Center  
  196  22:10  Marine  
  196  22:11  Marine  
  196  22:12  Marine  
  199  22:39  Command Center  
  199  22:41  Command Center  
  199  22:42  Starport  
  199  22:49  Armory  
  198  23:08  Ghost  
  199  23:25  Command Center  
  199  23:26  Missile Turret  
  199  23:27  Missile Turret  
  199  23:46  Terran Vehicle And Ship Armor Level 2  
  199  23:58  Planetary Fortress  
  199  24:00  Orbital Command  
  199  24:01  Missile Turret, Orbital Command  
  199  24:11  Orbital Command  
  199  24:19  Missile Turret  
  199  24:21  Command Center  
  199  24:22  Siege Tank, Ghost  
  199  24:23  Ghost  
  200  24:24  Missile Turret  
  200  24:27  Refinery x2  
  200  24:31  Sensor Tower  
  200  24:32  Missile Turret  
  200  24:40  Orbital Command  
  200  24:43  Command Center  
  200  24:48  Ghost  
  200  24:49  Ghost  
  176  24:53  Cyclone  
  176  24:54  Cyclone, Ghost  
  176  24:57  Ghost  
  170  25:00  Marine x2  
  170  25:01  Liberator  
  170  25:02  Liberator  
  170  25:06  Liberator  
  181  25:12  Missile Turret x2  
  181  25:13  Missile Turret  
  181  25:16  Ghost  
  181  25:18  Ghost, Marine  
  186  25:24  Marauder  
  186  25:25  Siege Tank  
  186  25:26  Siege Tank  
  194  25:36  Command Center  
  194  25:44  Liberator  
  194  25:45  Liberator  
  200  25:53  Orbital Command  
  200  25:55  Command Center  
  197  25:57  Siege Tank  
  197  26:03  Starport Reactor  
  197  26:04  Starport  
  197  26:06  Ghost x2  
  197  26:07  Ghost  
  197  26:08  Ghost  
  197  26:12  Cyclone  
  199  26:44  Planetary Fortress  
  196  26:47  Ghost  
  196  26:49  Missile Turret  
Tags
 
Add a new tag
Caveats
  • Supply blocks, unpowered buildings, or Contaminate may cause inaccurate times.
  • Supply counts are checked every 10 seconds.